 Dungeon Crawl Stone Soup version 0.30-a0-2-gf48d83f5e2 (webtiles) character file.

Game seed: 17798584678335244676

797 kae the Firebug (level 7, -1/40 HPs)
             Began as a Deep Elf Fire Elementalist on Aug 19, 2022.
             Slain by a steam dragon (2 damage)
             ... on level 6 of the Dungeon.
             The game lasted 00:03:56 (6443 turns).

kae the Firebug (Deep Elf Fire Elementalist)        Turns: 6443, Time: 00:03:56

Health: -1/40      AC:  4    Str:  5    XL:     7   Next: 58%
Magic:  5/16       EV: 13    Int: 22    God:
Gold:   255        SH:  4    Dex: 15    Spells: 7/16 levels left

rFire   . . .      SeeInvis .    y - +1 short sword (holy)
rCold   . . .      Faith    .    B - +0 buckler
rNeg    . . .      Spirit   .    a - +0 robe
rPois   .          Reflect  .    (no helmet)
rElec   .          Harm     .    (no cloak)
rCorr   .          Rampage  .    l - +1 pair of gloves
Will    .....                    (no boots)
Stlth   ++........               (no amulet)
HPRegen 0.13/turn                (no ring)
MPRegen 0.15/turn                (no ring)

@: no status effects
A: no striking features
a: no special abilities


You were on level 6 of the Dungeon.
You visited 2 branches of the dungeon, and saw 7 of its levels.

You collected 255 gold pieces.


   Skills:
 + Level 2.2 Fighting
 + Level 4.3 Dodging
 - Level 2.4 Stealth
 + Level 0.8 Shields
 + Level 5.1 Spellcasting
 * Level 4.9 Conjurations
 * Level 6.0 Fire Magic


You had 7 spell levels left.
You knew the following spells:

 Your Spells              Type           Power      Damage    Failure   Level
a - Foxfire               Conj/Fire      100%       2x1d9     1%          1
b - Scorch                Fire           64%        2d8       1%          2
c - Conjure Flame         Conj/Fire      29%        6-21      4%          3
d - Inner Flame           Hex/Fire       18%        N/A       12%         3

Your spell library contained the following spells:

 Spells                   Type           Power      Damage    Failure   Level
 Magic Dart               Conj           100%       1d8       1%          1
 Necrotise                Necr           20%        1d5       14%         1
 Sting                    Tmut/Pois      20%        1d4       14%         1
 Flame Wave               Conj/Fire      29%        2d9       14%         4
 Call Imp                 Summ           5%         N/A       21%         2
 Poisonous Vapours        Pois/Air       10%        N/A       21%         2
 Mephitic Cloud           Conj/Pois/Air  12%        N/A       22%         3
 Portal Projectile        Hex/Tloc       10%        N/A       38%         3
 Tukima's Dance           Hex            5%         N/A       38%         3
 Vampiric Draining        Necr           5%         2d6       38%         3
 Olgreb's Toxic Radiance  Pois           5%         N/A       80%         4
 Agony                    Necr           5%         N/A       98%         5
 Blade Hands              Tmut           2%         N/A       98%         5

Inventory:

Hand Weapons
 y - a +1 short sword of holy wrath (weapon)
   (You took it off an orc on level 4 of the Dungeon)
Missiles
 f - 16 poisoned darts
 g - 45 stones
 r - 2 atropa-tipped darts
 A - a throwing net {=f!f}
Armour
 a - a +0 robe (worn)
 l - a +1 pair of gloves (worn)
   (You found it on level 2 of the Dungeon)
 B - a +0 buckler (worn)
   (You found it on level 5 of the Dungeon)
Jewellery
 S - a +6 ring of strength
   (You found it on level 3 of the Dungeon)
Wands
 w - a wand of polymorph (8)
   (You found it on level 4 of the Dungeon)
Scrolls
 c - a scroll of amnesia {unknown}
 d - 6 scrolls of identify {@r1}
 h - a scroll of noise {unknown}
 i - 3 scrolls of immolation {!r!r}
 j - 2 scrolls of magic mapping {!r}
 o - 6 scrolls of teleportation {@r4}
 p - 2 scrolls of vulnerability {!r!r}
 t - a scroll of torment {!r}
 v - 2 scrolls of butterflies {unknown}
 C - a scroll of blinking {unknown}
 D - a scroll of fear {unknown}
 E - a scroll of silence {unknown}
Potions
 b - 2 potions of magic
 e - 2 potions of heal wounds {unknown}
 k - 5 potions of cancellation
 m - a potion of invisibility {unknown}
 n - 6 potions of lignification {unknown}
 q - a potion of flight {unknown}
 s - a potion of degeneration {unknown}
 u - a potion of brilliance {unknown}
 x - 3 potions of curing {unknown}
 z - 2 potions of mutation {unknown}

Dungeon Overview and Level Annotations

Branches:
Dungeon (6/15) Zot: 26706  Temple (1/1) D:5 Zot: 5777

Altars:
Cheibriados
Dithmenos
Elyvilon
Fedhas
Hepliaklqana
Makhleb
Nemelex Xobeh
Ru
Sif Muna
Uskayaw
Wu Jian
Xom
Yredelemnul
Zin
The Shining One

Annotations:
D:6 Blork the orc

... .# ##... .#
.._. .# #...# .# ..
...$#.# #.. #. ...#
#..##.##D.#
#......@#
##....ยง.# ###### #
###..#ยง# ####....#
## ##...###.......#
#. ##.###........#
#. #..#.........#
#..
##...........####..
##
#.................
.####
#..>......<....#..


You could see a steam dragon (combustible).


Message History

Confirm with . or Enter, or press ? or * to list all spells.
You conjure some foxfire!
The foxfire hits the scorpion. ๐Ÿ˜Ž MP[-1]
You lost 1 mp, and now have 15/16 mp.
Casting: Foxfire (safe; 1% risk of failure)
Confirm with . or Enter, or press ? or * to list all spells.
You conjure some foxfire!
The foxfire hits the scorpion but does no damage.
The foxfire hits the scorpion!
The foxfire hits the scorpion but does no damage. ๐Ÿ˜Ž MP[-1]
You lost 1 mp, and now have 14/16 mp.
Casting: Foxfire (safe; 1% risk of failure)
Confirm with . or Enter, or press ? or * to list all spells.
You conjure some foxfire!
You hear the slow hiss of a very distant avalanche of sand.
The foxfire hits the scorpion.
You kill the scorpion!
Your Fire Magic skill increases to level 6! ๐Ÿ˜Ž MP[-1]
You lost 1 mp, and now have 13/16 mp.
Casting: Foxfire (safe; 1% risk of failure)
Confirm with . or Enter, or press ? or * to list all spells.
You conjure some foxfire!
You see here a scorpion corpse. ๐Ÿ˜Ž MP[+1]
You see here a +0 leather armour.
You hear the slow hiss of a very distant avalanche of sand.
E - a scroll labelled REISAU SUIMITSI ๐Ÿ˜Ž MP[+2]
Your mp is fully restored (16).
Blork the orc comes into view.
He is wielding a +0 mace.
Press: ? - help, v - describe, . - travel
Here: Blork the orc, wielding a +0 mace and wearing a +0 robe (asleep)
The floor.
Placed new exclusion.
You hear the slow hiss of a very distant avalanche of sand.
You hear the hiss of a very distant avalanche of sand.
g - 45 stones (gained 7)
A hound comes into view.
Found a hide-covered altar of Uskayaw.
The hound barks!
Casting: Foxfire (safe; 1% risk of failure)
Confirm with . or Enter, or press ? or * to list all spells.
Flames lash the hound.
The hound's fire resistance burns away.
A steam dragon comes into view.
The hound misses you.
The hound bites you but does no damage. ๐Ÿ˜Ž MP[-2]
You lost 2 mp, and now have 14/16 mp.
Casting: Scorch (safe; 1% risk of failure)
Confirm with . or Enter, or press ? or * to list all spells.
Flames lash the hound.
The hound is burned terribly!
The hound barely misses you. The hound closely misses you.
You block the hound's attack. ๐Ÿ˜Ž MP[-2]
You lost 2 mp, and now have 12/16 mp.
Casting: Scorch (safe; 1% risk of failure)
Confirm with . or Enter, or press ? or * to list all spells.
Flames lash the hound.
The hound is burned terribly!
You kill the hound! ๐Ÿ˜Ž MP[-2]
You lost 2 mp, and now have 10/16 mp.
Casting: Scorch (safe; 1% risk of failure)
Confirm with . or Enter, or press ? or * to list all spells.
Flames lash the steam dragon.
The steam dragon's fire resistance burns away.
The steam dragon breathes steam at you.
The ball of steam hits you! ๐Ÿ˜ฎ HP[-12] MP[-1]
You take 12 damage, and now have 28/40 hp.
MASSIVE DAMAGE!! (PAUSE)
You lost 1 mp, and now have 9/16 mp.
Casting: Scorch (safe; 1% risk of failure)
Confirm with . or Enter, or press ? or * to list all spells.
Flames lash the steam dragon.
The steam dragon is burned terribly!
You are engulfed in a cloud of scalding steam.
You block the steam dragon's attack.
The steam dragon claws you but does no damage.
You are engulfed in a cloud of scalding steam.
* * * LOW HITPOINT WARNING * * *
The steam dragon misses you.
The steam dragon claws you but does no damage. ๐Ÿ˜จ HP[-11] MP[-2]
You take 11 damage, and now have 17/40 hp.
MASSIVE DAMAGE!! (PAUSE)
You lost 2 mp, and now have 7/16 mp.
Casting: Scorch (safe; 1% risk of failure)
Confirm with . or Enter, or press ? or * to list all spells.
Flames lash the steam dragon.
The steam dragon is burned terribly!
You are engulfed in a cloud of scalding steam.
* * * LOW HITPOINT WARNING * * *
The steam dragon closely misses you. The steam dragon claws you.
* * * LOW HITPOINT WARNING * * *
You are engulfed in a cloud of scalding steam.
* * * LOW HITPOINT WARNING * * *
The steam dragon bites you.
* * * LOW HITPOINT WARNING * * *
The steam dragon claws you.
You die...

Skill      XL: |  1  2  3  4  5  6  7 |
---------------+----------------------+-----
Conjurations   | 2 3 4 |  4.9
Fire Magic     | 4 5 6 |  6.0
Fighting       | 1 2 |  2.2
Dodging        | 3 4 |  4.3
Spellcasting   | 4 5 |  5.1
Stealth        | |  2.4
Shields        | |  0.8

Action                   |  1- 3 |  4- 6 |  7- 9 || total
-------------------------+-------+-------+-------++-------
Melee: Short sword       |       |     4 |       ||     4
 Cast: Foxfire           |    67 |    90 |    27 ||   184
       Scorch            |     5 |    19 |    13 ||    37
       Conjure Flame     |       |     1 |     1 ||     2
  Use: Scroll            |     8 |       |       ||     8
Armor: Robe              |     8 |    10 |     5 ||    23
Dodge: Dodged            |    20 |    27 |     8 ||    55
Block: Buckler           |       |       |     3 ||     3

Levels and vault maps discovered:
D:1:      matt_arrival_los_fun, layout_basic, minmay_3d_cube
D:2:      layout_basic, hellmonk_ecumenical_altar_lost_god,
          minmay_three_crescents
D:3:      layout_rooms, yredelemnul_altar_generic, minmay_between
D:4:      layout_gridville, mainiacjoe_overflow_cross_hatched
D:5:      layout_basic, minmay_temple_entry_arrows
D:6:      layout_cave_pods, mainiacjoe_overflow_small_starburst, minitemple,
          nicolae_ossuary_entry_false_entrances, uniq_sigmund, uniq_pikel,
          uniq_maggie, uniq_blork_the_orc
Temple:   nicolae_temple_slightly_damp_pantheon

Notes
Turn   | Place    | Note
-------+----------+-------------------------------------------
     0 | D:1      | kae the Deep Elf Fire Elementalist began the quest for the
                  | Orb.
     0 | D:1      | Reached XP level 1. HP: 10/10 MP: 6/6
     0 | D:1      | magus.rc [v1.11.3]
   627 | D:1      | Reached XP level 2. HP: 15/15 MP: 5/8
   739 | D:1      | Learned a level 2 spell: Scorch
  1347 | D:2      | Reached XP level 3. HP: 17/20 MP: 6/9
  1349 | D:2      | Reached skill level 2 in Conjurations
  1359 | D:2      | Learned a level 3 spell: Conjure Flame
  1595 | D:2      | You pick up a book of Flames and begin reading...
  1649 | D:2      | Found a faded altar of an unknown god.
  1692 | D:2      | Learned a level 3 spell: Inner Flame
  1822 | D:2      | You add the spells Sting, Poisonous Vapours and Olgreb's
                  | Toxic Radiance to your library.
  1928 | D:2      | Reached skill level 4 in Fire Magic
  2511 | D:3      | Reached XP level 4. HP: 24/24 MP: 6/11
  2695 | D:3      | Identified the +7 long sword of Xoimew {venom, Fragile rN+
                  | Str-5 Int+8}
  2757 | D:3      | Found a basalt altar of Yredelemnul.
  2852 | D:3      | You pick up a book of Minor Magic and begin reading...
  2852 | D:3      | You add the spells Magic Dart, Call Imp and Mephitic Cloud
                  | to your library.
  2982 | D:3      | Reached skill level 1 in Fighting
  2982 | D:3      | Reached skill level 3 in Dodging
  3411 | D:4      | Reached skill level 4 in Spellcasting
  3411 | D:4      | Reached skill level 3 in Conjurations
  3411 | D:4      | Reached XP level 5. HP: 29/29 MP: 7/13
  3626 | D:4      | You pick up a book of Necromancy and begin reading...
  3626 | D:4      | You add the spells Necrotise, Vampiric Draining and Agony
                  | to your library.
  3723 | D:4      | Found a snail-covered altar of Cheibriados.
  4038 | D:4      | Reached XP level 6. HP: 34/34 MP: 11/14
  4042 | D:4      | Reached skill level 5 in Fire Magic
  4299 | D:5      | Entered Level 5 of the Dungeon
  4700 | D:5      | You pick up a book of Weapons and begin reading...
  4700 | D:5      | You add the spells Tukima's Dance, Portal Projectile and
                  | Blade Hands to your library.
  4879 | D:5      | Reached skill level 4 in Conjurations
  4989 | D:5      | Reached skill level 2 in Fighting
  4989 | D:5      | Reached XP level 7. HP: 23/40 MP: 2/16
  5284 | D:5      | Reached skill level 4 in Dodging
  5550 | D:5      | Found a staircase to the Ecumenical Temple.
  5826 | D:5      | Reached skill level 5 in Spellcasting
  5910 | Temple   | Entered the Ecumenical Temple
  6253 | D:6      | Reached skill level 6 in Fire Magic
  6339 | D:6      | Noticed Blork the orc
  6431 | D:6      | Found a hide-covered altar of Uskayaw.
  6432 | D:6      | Noticed a steam dragon
  6442 | D:6      | HP: 10/40 [steam dragon] (7)]
  6443 | D:6      | HP: 1/40 [steam dragon (6)]
  6443 | D:6      | Slain by a steam dragon

Vanquished Creatures
  An ogre (D:5)
  2 scorpions
  A necrophage (D:4)
  4 hounds
  An orc priest (D:4)
  2 jellies
  3 iguanas (D:5)
  2 orc wizards
  5 gnolls
  6 adders
  3 dart slugs
  12 orcs
  9 bats
  3 endoplasms
  4 giant cockroaches
  5 goblins
  8 hobgoblins
  2 quokkas
  9 ball pythons
  2 frilled lizards
  10 kobolds
  4 rats
98 creatures vanquished.

Vanquished Creatures (collateral kills)
  A foxfire (D:3)
1 creature vanquished.

Vanquished Creatures (others)
  324 foxfires
324 creatures vanquished.

Grand Total: 423 creatures vanquished

Table legend:
 A = Non-vault XP
 B = Vault XP
 C = Vault XP percentage of total XP
 D = Non-vault monster count
 E = Vault monster count
 F = Vault count percentage of total count
                 A         B        C        D         E       F
            +---------+---------+-------+---------+---------+-------
      Total |    1111 |      28 |   2.5 |      87 |      11 |  11.2
            +---------+---------+-------+---------+---------+-------
        D:1 |      25 |       3 |  10.7 |      16 |       2 |  11.1
        D:2 |      43 |      20 |  31.7 |      17 |       6 |  26.1
        D:3 |      79 |       5 |   6.0 |      16 |       3 |  15.8
        D:4 |     268 |       0 |   0.0 |      18 |       0 |   0.0
        D:5 |     563 |       0 |   0.0 |      17 |       0 |   0.0
        D:6 |     133 |       0 |   0.0 |       3 |       0 |   0.0
            +---------+---------+-------+---------+---------+-------

Illustrated notes

Table legend:
 A = Kills in this place as a percentage of kills in entire the game.
 B = Kills by you in this place as a percentage of kills by you in the entire game.
 C = Kills by friends in this place as a percentage of kills by friends in the entire game.
 D = Other kills in this place as a percentage of other kills in the entire game.
 E = Experience gained in this place as a percentage of experience gained in the entire game.
 F = Experience gained in this place divided by the number of levels of this place that you have seen.
                   A       B       C       D       E      F
               +-------+-------+-------+-------+-------+----------------------
         Total | 100.0 | 100.0 |   N/A |   N/A | 100.0 | 162.7
       Dungeon | 100.0 | 100.0 |   N/A |   N/A | 100.0 | 189.8
               +-------+-------+-------+-------+-------+----------------------

Table legend: (Time is in decaauts)
 A = Elapsed time spent in this place.
 B = Non-inter-level travel time spent in this place.
 C = Inter-level travel time spent in this place.
 D = Time resting spent in this place.
 E = Time spent auto-exploring this place.
 F = Levels seen in this place.
 G = Mean time per level.
                   A        B        C        D        E       F      G
               +--------+--------+--------+--------+--------+-----+--------+
         Total |   6443 |   6162 |    281 |    253 |   5091 |   7 |  920.4 |
       Dungeon |   6221 |   5959 |    262 |    253 |   4899 |   6 | 1036.8 |
        Temple |    222 |    204 |     18 |      0 |    192 |   1 |  222.0 |
               +--------+--------+--------+--------+--------+-----+--------+

Top non-repeatable levels by time:
     D:5: 1512 daAuts
     D:1: 1294 daAuts
     D:4: 1213 daAuts
     D:2: 1088 daAuts
     D:3: 860 daAuts
     D:6: 252 daAuts
  Temple: 222 daAuts
